 Dungeon Crawl Stone Soup version 0.24-a0-36-gf1fd2d0 (webtiles) character file.

Game seed: 15196066534818101469

289 Deathtrap2010 the Covered (level 6, 0/38 HPs)
             Began as a Gargoyle Fighter on Feb 3, 2019.
             Slain by an orc priest
             ... wielding a +0 flail
              (3 damage)
             ... on level 3 of the Dungeon.
             The game lasted 00:07:48 (2603 turns).

Deathtrap2010 the Covered (Gargoyle Fighter)        Turns: 2603, Time: 00:07:50

Health: 0/38       AC: 12    Str: 19 (21) XL:     6   Next: 31%
Magic:  6/6        EV:  7    Int:  8 (9)  God:
Gold:   88         SH: 10    Dex:  8 (9)  Spells: 5/5 levels left

rFire    . . .     SeeInvis .   a - +0 war axe
rCold    . . .     Gourm    .   c - +1 shield
rNeg     + . .     Faith    .   b - +0 scale mail
rPois    ∞         Spirit   .   (no helmet)
rElec    +         Reflect  .   (no cloak)
rCorr    .         Harm     .   g - +0 pair of gloves
MR       .....                  (no boots)
Stlth    ..........             (no amulet)
HPRegen  0.12/turn              (no ring)
MPRegen  0.10/turn              (no ring)

@: no status effects
A: negative energy resistance 1, electricity resistance, unbreathing,
petrification resistance, rot immunity, AC +4
a: no special abilities


You were on level 3 of the Dungeon.
You were not hungry.

You visited 1 branch of the dungeon, and saw 3 of its levels.

You collected 88 gold pieces.

Inventory:

Hand Weapons
 a - a +0 war axe (weapon)
Armour
 b - a +0 scale mail (worn)
 c - a +1 shield (worn)
 g - a +0 pair of gloves (worn)
Scrolls
 h - 3 scrolls of identify
 j - a scroll of fear
Potions
 d - a potion of might
 e - a potion of lignification
 i - 3 potions of curing
Comestibles
 f - 3 rations


   Skills:
 * Level 4.0 Fighting
 * Level 4.1 Axes
 * Level 4.3 Armour
 * Level 1.2 Dodging
 * Level 4.2 Shields


You had 5 spell levels left.
You didn't know any spells.
Your spell library was empty.

Dungeon Overview and Level Annotations

Branches:
Dungeon (3/15)

Altars:
Ru
Sif Muna


Innate Abilities, Weirdness & Mutations

You are resistant to torment.
Your stone body is resilient. (AC +4)
You are immune to poison.
You resist negative energy. (rN+)
You are resistant to electric shocks. (rElec)
You can survive without breathing.
You are immune to petrification.
You are immune to rotting.


Message History

The orc priest is almost dead.
You hit the orc. You block the orc's attack.
The orc priest hits you but does no damage.
The orc hits you but does no damage.
You closely miss the orc priest.
The orc priest is almost dead.
You hit the orc.
You kill the orc!
The orc priest invokes the aid of Beogh against you.
Beogh smites you!
You barely miss the orc priest.
The orc priest is almost dead.
You block the orc priest's attack.
You barely miss the orc priest.
The orc priest is almost dead.
The orc priest invokes the aid of Beogh against you.
Beogh smites you!
* * * LOW HITPOINT WARNING * * *
The orc priest hits you with a +0 flail.
You die...

.....# #.# .....# #.#
.....# #.# .....######.#
..........#.#
.########.#.#
.########.#.#
.......##.#.#########.##
.......##.#....!@[......
.......##.......o)....##
.......################
.......# .......#
'####### .# .# .#
#########


You could see an orc priest.

Vanquished Creatures
  Sigmund (D:2)
  An orc wizard (D:3)
  Jessica (D:2)
  2 adders
  4 dart slugs
  A leopard gecko (D:2)
  10 orcs (D:3)
  4 bats
  5 goblins
  4 hobgoblins
  2 jackals (D:3)
  3 quokkas (D:3)
  A ball python (D:1)
  A frilled lizard (D:1)
  4 kobolds
  6 rats
  A bush (D:1)
  2 plants (D:1)
53 creatures vanquished.

Notes
Turn   | Place    | Note
-------+----------+-------------------------------------------
     0 | D:1      | Deathtrap2010 the Gargoyle Fighter began the quest for the
                  | Orb.
     0 | D:1      | Reached XP level 1. HP: 14/14 MP: 1/1
   357 | D:1      | Reached XP level 2. HP: 19/19 MP: 2/2
   739 | D:1      | Reached XP level 3. HP: 23/23 MP: 3/3
  1312 | D:2      | Noticed Jessica
  1314 | D:2      | Noticed Sigmund
  1319 | D:2      | Killed Jessica
  1319 | D:2      | Reached XP level 4. HP: 29/29 MP: 4/4
  1326 | D:2      | Killed Sigmund
  1326 | D:2      | Reached skill level 1 in Dodging
  1326 | D:2      | Reached XP level 5. HP: 13/33 MP: 5/5
  1582 | D:3      | Found a deep blue altar of Sif Muna.
  1669 | D:3      | Reached XP level 6. HP: 30/38 MP: 6/6
  1973 | D:3      | Found a sacrificial altar of Ru.
  2603 | D:3      | Slain by an orc priest

Vault maps used:
D:1:      minmay_arrival_radiant_lines, kennysheep_boxes
D:2:      first_ration, uniq_sigmund, uniq_jessica
D:3:      nicolae_overflow_crystal_walls, lemuel_round_altar

Skill      XL: |  1  2  3  4  5  6 |
---------------+-------------------+-----
Axes           | 2 3 4 |  4.1
Armour         | 4 |  4.3
Dodging        | 1 |  1.2
Shields        | 4 |  4.2
Fighting       | 4 |  4.0

Action                   |  1- 3 |  4- 6 || total
-------------------------+-------+-------++-------
Melee: War axe           |   168 |    88 ||   256
  Use: Potion            |     4 |     3 ||     7
       Scroll            |     4 |     2 ||     6
  Eat: Ration            |     1 |     1 ||     2
Armor: Scale mail        |    53 |    48 ||   101
Dodge: Dodged            |    31 |    39 ||    70
Block: Shield            |    48 |    70 ||   118

Table legend:
 A = Non-vault XP
 B = Vault XP
 C = Vault XP percentage of total XP
 D = Non-vault monster count
 E = Vault monster count
 F = Vault count percentage of total count
                 A         B        C        D         E       F
            +---------+---------+-------+---------+---------+-------
      Total |     164 |     249 |  60.3 |      48 |       2 |   4.0
            +---------+---------+-------+---------+---------+-------
        D:1 |      34 |       0 |   0.0 |      17 |       0 |   0.0
        D:2 |      26 |     249 |  90.5 |       8 |       2 |  20.0
        D:3 |     104 |       0 |   0.0 |      23 |       0 |   0.0
            +---------+---------+-------+---------+---------+-------
